Workbook
Name _ftn1: 'All Data'!#REF!
Name _ftnref1: 'All Data'!#REF!

Sheet MFR - DO NOT EDIT
A2: MISSION | P2: Code
A3: Frostburg State University is a student-centered teaching and learning institution featuring experiential opportunities. The University offers students a distinctive and distinguished baccalaureate education along with a select set of applied master’s and doctoral programs. Frostburg serves regional and statewide economic and workforce development; promotes cultural enrichment, civic responsibility, and sustainability; and prepares future leaders to meet the challenges of a complex and changing global society.
A5: VISION
A6: Frostburg State University will be recognized as a student-centered teaching and learning institution. The University will be known nationally for its emphasis on experiential education, its commitment to sustainability, and for the quality of its graduates as critical thinkers, life-long learners, and technologically competent global citizens.
A8: KEY GOALS, OBJECTIVES, AND PERFORMANCE MEASURES
A10: Goal 1. | B10: Address Statewide and regional workforce needs by preparing a changing student population for an era of complexity and globalization.
B11: Obj. 1.1 | C11: Increase the number of STEM (science, technology, engineering, mathematics) program graduates from 150 in 2014 to 170 in 2019.
B12: Obj. 1.2 | C12: Increase the number of teacher education graduates above the 2014 level of 129 by 2019.
B13: Obj. 1.3 | C13: Increase the number of baccalaureate-level nursing graduates from 51 in 2014 to above 105 by 2019.
B14: Obj. 1.4 | C14: Through 2019 maintain the number of students enrolled in courses delivered off campus at a level equal to or greater than the 2014 level of 6,769.
C16: Performance Measures | H16: ='All Data'!$C$1-6&" Act." -> 2012 Act. | I16: ='All Data'!$C$1-5&" Act." -> 2013 Act. | J16: ='All Data'!$C$1-4&" Act." -> 2014 Act. | K16: ='All Data'!$C$1-3&" Act." -> 2015 Act. | L16: ='All Data'!$C$1-2&" Act." -> 2016 Act. | M16: ='All Data'!$C$1-1&" Est." -> 2017 Est. | N16: ='All Data'!$C$1-0&" Est." -> 2018 Est.
C17: =VLOOKUP($P17,'All Data'!$A$1:$AAC$9859,2,FALSE) -> Number of undergraduates enrolled in STEM programs | H17: =HLOOKUP(H$16,'All Data'!$C$5:$AC$9884,MATCH('MFR - DO NOT EDIT'!$P17,'All Data'!$A$5:$A$9884,0),TRUE) -> 721 | I17: =HLOOKUP(I$16,'All Data'!$C$5:$AC$9884,MATCH('MFR - DO NOT EDIT'!$P17,'All Data'!$A$5:$A$9884,0),TRUE) -> 752 | J17: =HLOOKUP(J$16,'All Data'!$C$5:$AC$9884,MATCH('MFR - DO NOT EDIT'!$P17,'All Data'!$A$5:$A$9884,0),TRUE) -> 858 | K17: =HLOOKUP(K$16,'All Data'!$C$5:$AC$9884,MATCH('MFR - DO NOT EDIT'!$P17,'All Data'!$A$5:$A$9884,0),TRUE) -> 913 | L17: =HLOOKUP(L$16,'All Data'!$C$5:$AC$9884,MATCH('MFR - DO NOT EDIT'!$P17,'All Data'!$A$5:$A$9884,0),TRUE) -> 949 | M17: =HLOOKUP(M$16,'All Data'!$C$5:$AC$9884,MATCH('MFR - DO NOT EDIT'!$P17,'All Data'!$A$5:$A$9884,0),TRUE) -> 925 | N17: =HLOOKUP(N$16,'All Data'!$C$5:$AC$9884,MATCH('MFR - DO NOT EDIT'!$P17,'All Data'!$A$5:$A$9884,0),TRUE) -> 950 | P17: M101
C18: =VLOOKUP($P18,'All Data'!$A$1:$AAC$9859,2,FALSE) -> Number of graduates of STEM programs (annually) | H18: =HLOOKUP(H$16,'All Data'!$C$5:$AC$9884,MATCH('MFR - DO NOT EDIT'!$P18,'All Data'!$A$5:$A$9884,0),TRUE) -> 111 | I18: =HLOOKUP(I$16,'All Data'!$C$5:$AC$9884,MATCH('MFR - DO NOT EDIT'!$P18,'All Data'!$A$5:$A$9884,0),TRUE) -> 114 | J18: =HLOOKUP(J$16,'All Data'!$C$5:$AC$9884,MATCH('MFR - DO NOT EDIT'!$P18,'All Data'!$A$5:$A$9884,0),TRUE) -> 150 | K18: =HLOOKUP(K$16,'All Data'!$C$5:$AC$9884,MATCH('MFR - DO NOT EDIT'!$P18,'All Data'!$A$5:$A$9884,0),TRUE) -> 140 | L18: =HLOOKUP(L$16,'All Data'!$C$5:$AC$9884,MATCH('MFR - DO NOT EDIT'!$P18,'All Data'!$A$5:$A$9884,0),TRUE) -> 128 | M18: =HLOOKUP(M$16,'All Data'!$C$5:$AC$9884,MATCH('MFR - DO NOT EDIT'!$P18,'All Data'!$A$5:$A$9884,0),TRUE) -> 130 | N18: =HLOOKUP(N$16,'All Data'!$C$5:$AC$9884,MATCH('MFR - DO NOT EDIT'!$P18,'All Data'!$A$5:$A$9884,0),TRUE) -> 140 | P18: M102
C19: =VLOOKUP($P19,'All Data'!$A$1:$AAC$9859,2,FALSE) -> Number of undergraduates and Master of Arts (MAT) post-bachelor’s enrolled in teacher education | H19: =HLOOKUP(H$16,'All Data'!$C$5:$AC$9884,MATCH('MFR - DO NOT EDIT'!$P19,'All Data'!$A$5:$A$9884,0),TRUE) -> 532 | I19: =HLOOKUP(I$16,'All Data'!$C$5:$AC$9884,MATCH('MFR - DO NOT EDIT'!$P19,'All Data'!$A$5:$A$9884,0),TRUE) -> 512 | J19: =HLOOKUP(J$16,'All Data'!$C$5:$AC$9884,MATCH('MFR - DO NOT EDIT'!$P19,'All Data'!$A$5:$A$9884,0),TRUE) -> 482 | K19: =HLOOKUP(K$16,'All Data'!$C$5:$AC$9884,MATCH('MFR - DO NOT EDIT'!$P19,'All Data'!$A$5:$A$9884,0),TRUE) -> 423 | L19: =HLOOKUP(L$16,'All Data'!$C$5:$AC$9884,MATCH('MFR - DO NOT EDIT'!$P19,'All Data'!$A$5:$A$9884,0),TRUE) -> 414 | M19: =HLOOKUP(M$16,'All Data'!$C$5:$AC$9884,MATCH('MFR - DO NOT EDIT'!$P19,'All Data'!$A$5:$A$9884,0),TRUE) -> 397 | N19: =HLOOKUP(N$16,'All Data'!$C$5:$AC$9884,MATCH('MFR - DO NOT EDIT'!$P19,'All Data'!$A$5:$A$9884,0),TRUE) -> 400 | P19: M103
C20: =VLOOKUP($P20,'All Data'!$A$1:$AAC$9859,2,FALSE) -> Number of undergraduates and MAT post-bachelor’s completing teacher training | H20: =HLOOKUP(H$16,'All Data'!$C$5:$AC$9884,MATCH('MFR - DO NOT EDIT'!$P20,'All Data'!$A$5:$A$9884,0),TRUE) -> 129 | I20: =HLOOKUP(I$16,'All Data'!$C$5:$AC$9884,MATCH('MFR - DO NOT EDIT'!$P20,'All Data'!$A$5:$A$9884,0),TRUE) -> 161 | J20: =HLOOKUP(J$16,'All Data'!$C$5:$AC$9884,MATCH('MFR - DO NOT EDIT'!$P20,'All Data'!$A$5:$A$9884,0),TRUE) -> 129 | K20: =HLOOKUP(K$16,'All Data'!$C$5:$AC$9884,MATCH('MFR - DO NOT EDIT'!$P20,'All Data'!$A$5:$A$9884,0),TRUE) -> 126 | L20: =HLOOKUP(L$16,'All Data'!$C$5:$AC$9884,MATCH('MFR - DO NOT EDIT'!$P20,'All Data'!$A$5:$A$9884,0),TRUE) -> 113 | M20: =HLOOKUP(M$16,'All Data'!$C$5:$AC$9884,MATCH('MFR - DO NOT EDIT'!$P20,'All Data'!$A$5:$A$9884,0),TRUE) -> 120 | N20: =HLOOKUP(N$16,'All Data'!$C$5:$AC$9884,MATCH('MFR - DO NOT EDIT'!$P20,'All Data'!$A$5:$A$9884,0),TRUE) -> 125 | P20: M104
C21: =VLOOKUP($P21,'All Data'!$A$1:$AAC$9859,2,FALSE) -> Pass rates for undergraduates and MAT post-bachelor’s on Praxis II exam | H21: =HLOOKUP(H$16,'All Data'!$C$5:$AC$9884,MATCH('MFR - DO NOT EDIT'!$P21,'All Data'!$A$5:$A$9884,0),TRUE) -> 0.95 | I21: =HLOOKUP(I$16,'All Data'!$C$5:$AC$9884,MATCH('MFR - DO NOT EDIT'!$P21,'All Data'!$A$5:$A$9884,0),TRUE) -> 0.97 | J21: =HLOOKUP(J$16,'All Data'!$C$5:$AC$9884,MATCH('MFR - DO NOT EDIT'!$P21,'All Data'!$A$5:$A$9884,0),TRUE) -> 0.96 | K21: =HLOOKUP(K$16,'All Data'!$C$5:$AC$9884,MATCH('MFR - DO NOT EDIT'!$P21,'All Data'!$A$5:$A$9884,0),TRUE) -> 0.97 | L21: =HLOOKUP(L$16,'All Data'!$C$5:$AC$9884,MATCH('MFR - DO NOT EDIT'!$P21,'All Data'!$A$5:$A$9884,0),TRUE) -> 0.98 | M21: =HLOOKUP(M$16,'All Data'!$C$5:$AC$9884,MATCH('MFR - DO NOT EDIT'!$P21,'All Data'!$A$5:$A$9884,0),TRUE) -> 0.98 | N21: =HLOOKUP(N$16,'All Data'!$C$5:$AC$9884,MATCH('MFR - DO NOT EDIT'!$P21,'All Data'!$A$5:$A$9884,0),TRUE) -> 0.98 | P21: M105
C22: =VLOOKUP($P22,'All Data'!$A$1:$AAC$9859,2,FALSE) -> Number of undergraduates enrolled in Nursing (RN to BSN) program | H22: =HLOOKUP(H$16,'All Data'!$C$5:$AC$9884,MATCH('MFR - DO NOT EDIT'!$P22,'All Data'!$A$5:$A$9884,0),TRUE) -> 32 | I22: =HLOOKUP(I$16,'All Data'!$C$5:$AC$9884,MATCH('MFR - DO NOT EDIT'!$P22,'All Data'!$A$5:$A$9884,0),TRUE) -> 100 | J22: =HLOOKUP(J$16,'All Data'!$C$5:$AC$9884,MATCH('MFR - DO NOT EDIT'!$P22,'All Data'!$A$5:$A$9884,0),TRUE) -> 224 | K22: =HLOOKUP(K$16,'All Data'!$C$5:$AC$9884,MATCH('MFR - DO NOT EDIT'!$P22,'All Data'!$A$5:$A$9884,0),TRUE) -> 375 | L22: =HLOOKUP(L$16,'All Data'!$C$5:$AC$9884,MATCH('MFR - DO NOT EDIT'!$P22,'All Data'!$A$5:$A$9884,0),TRUE) -> 457 | M22: =HLOOKUP(M$16,'All Data'!$C$5:$AC$9884,MATCH('MFR - DO NOT EDIT'!$P22,'All Data'!$A$5:$A$9884,0),TRUE) -> 446 | N22: =HLOOKUP(N$16,'All Data'!$C$5:$AC$9884,MATCH('MFR - DO NOT EDIT'!$P22,'All Data'!$A$5:$A$9884,0),TRUE) -> 460 | P22: M106
C23: =VLOOKUP($P23,'All Data'!$A$1:$AAC$9859,2,FALSE) -> Number of graduates of the Nursing (RN to BSN) program | H23: =HLOOKUP(H$16,'All Data'!$C$5:$AC$9884,MATCH('MFR - DO NOT EDIT'!$P23,'All Data'!$A$5:$A$9884,0),TRUE) -> 10 | I23: =HLOOKUP(I$16,'All Data'!$C$5:$AC$9884,MATCH('MFR - DO NOT EDIT'!$P23,'All Data'!$A$5:$A$9884,0),TRUE) -> 16 | J23: =HLOOKUP(J$16,'All Data'!$C$5:$AC$9884,MATCH('MFR - DO NOT EDIT'!$P23,'All Data'!$A$5:$A$9884,0),TRUE) -> 51 | K23: =HLOOKUP(K$16,'All Data'!$C$5:$AC$9884,MATCH('MFR - DO NOT EDIT'!$P23,'All Data'!$A$5:$A$9884,0),TRUE) -> 97 | L23: =HLOOKUP(L$16,'All Data'!$C$5:$AC$9884,MATCH('MFR - DO NOT EDIT'!$P23,'All Data'!$A$5:$A$9884,0),TRUE) -> 139 | M23: =HLOOKUP(M$16,'All Data'!$C$5:$AC$9884,MATCH('MFR - DO NOT EDIT'!$P23,'All Data'!$A$5:$A$9884,0),TRUE) -> 142 | N23: =HLOOKUP(N$16,'All Data'!$C$5:$AC$9884,MATCH('MFR - DO NOT EDIT'!$P23,'All Data'!$A$5:$A$9884,0),TRUE) -> 145 | P23: M107
C24: =VLOOKUP($P24,'All Data'!$A$1:$AAC$9859,2,FALSE) -> Number of Nursing (RN to BSN) program graduates employed in Maryland | H24: =HLOOKUP(H$16,'All Data'!$C$5:$AC$9884,MATCH('MFR - DO NOT EDIT'!$P24,'All Data'!$A$5:$A$9884,0),TRUE) -> 9 | I24: =HLOOKUP(I$16,'All Data'!$C$5:$AC$9884,MATCH('MFR - DO NOT EDIT'!$P24,'All Data'!$A$5:$A$9884,0),TRUE) -> 16 | J24: =HLOOKUP(J$16,'All Data'!$C$5:$AC$9884,MATCH('MFR - DO NOT EDIT'!$P24,'All Data'!$A$5:$A$9884,0),TRUE) -> 25 | K24: =HLOOKUP(K$16,'All Data'!$C$5:$AC$9884,MATCH('MFR - DO NOT EDIT'!$P24,'All Data'!$A$5:$A$9884,0),TRUE) -> 76 | L24: =HLOOKUP(L$16,'All Data'!$C$5:$AC$9884,MATCH('MFR - DO NOT EDIT'!$P24,'All Data'!$A$5:$A$9884,0),TRUE) -> 97 | M24: =HLOOKUP(M$16,'All Data'!$C$5:$AC$9884,MATCH('MFR - DO NOT EDIT'!$P24,'All Data'!$A$5:$A$9884,0),TRUE) -> 101 | N24: =HLOOKUP(N$16,'All Data'!$C$5:$AC$9884,MATCH('MFR - DO NOT EDIT'!$P24,'All Data'!$A$5:$A$9884,0),TRUE) -> 104 | P24: M108
C25: =VLOOKUP($P25,'All Data'!$A$1:$AAC$9859,2,FALSE) -> Number of annual off-campus course enrollments | H25: =HLOOKUP(H$16,'All Data'!$C$5:$AC$9884,MATCH('MFR - DO NOT EDIT'!$P25,'All Data'!$A$5:$A$9884,0),TRUE) -> 5144 | I25: =HLOOKUP(I$16,'All Data'!$C$5:$AC$9884,MATCH('MFR - DO NOT EDIT'!$P25,'All Data'!$A$5:$A$9884,0),TRUE) -> 5990 | J25: =HLOOKUP(J$16,'All Data'!$C$5:$AC$9884,MATCH('MFR - DO NOT EDIT'!$P25,'All Data'!$A$5:$A$9884,0),TRUE) -> 6769 | K25: =HLOOKUP(K$16,'All Data'!$C$5:$AC$9884,MATCH('MFR - DO NOT EDIT'!$P25,'All Data'!$A$5:$A$9884,0),TRUE) -> 7830 | L25: =HLOOKUP(L$16,'All Data'!$C$5:$AC$9884,MATCH('MFR - DO NOT EDIT'!$P25,'All Data'!$A$5:$A$9884,0),TRUE) -> 8268 | M25: =HLOOKUP(M$16,'All Data'!$C$5:$AC$9884,MATCH('MFR - DO NOT EDIT'!$P25,'All Data'!$A$5:$A$9884,0),TRUE) -> 8275 | N25: =HLOOKUP(N$16,'All Data'!$C$5:$AC$9884,MATCH('MFR - DO NOT EDIT'!$P25,'All Data'!$A$5:$A$9884,0),TRUE) -> 8280 | P25: M109
A27: Goal 2. | B27: Promote an institutional image of academic distinction and ensure stable institutional enrollment through admission of students prepared to succeed in college and persist to graduation.
B28: Obj. 2.1 | C28: Increase the second-year retention rate of all undergraduates from 77 percent in 2014 to 78 percent in 2019 and the six-year graduation rate from 56.0 percent in 2014 to 61.7 percent in 2019.
B29: Obj. 2.2 | C29: By 2019, maintain the percentage of African-American undergraduates at a level equal to or greater than the 2014 level of 27 percent.
B30: Obj. 2.3 | C30: By 2019, sustain the percentage of minority undergraduates at a level equal to or greater than the 2014 level of 36.5 percent.
B31: Obj. 2.4 | C31: Maintain the second-year retention rate of African-American students at a level equal to or greater than the 2014 level of 80 percent.
B32: Obj. 2.5 | C32: Attain and preserve a six-year graduation rate of African-American students at 54 percent through 2019.
B33: Obj. 2.6 | C33: Increase the second-year retention rate of minority students from 78 percent in 2014 to 80 percent in 2019.
B34: Obj. 2.7 | C34: Realize and maintain a six-year graduation rate for minority students of 52 percent through 2019.
B35: Obj. 2.8 | C35: Maintain the approximate percentage of economically disadvantaged students at 60 percent through 2017.
C37: Performance Measures | H37: ='All Data'!$C$1-6&" Act." -> 2012 Act. | I37: ='All Data'!$C$1-5&" Act." -> 2013 Act. | J37: ='All Data'!$C$1-4&" Act." -> 2014 Act. | K37: ='All Data'!$C$1-3&" Act." -> 2015 Act. | L37: ='All Data'!$C$1-2&" Act." -> 2016 Act. | M37: ='All Data'!$C$1-1&" Est." -> 2017 Est. | N37: ='All Data'!$C$1-0&" Est." -> 2018 Est.
C38: =VLOOKUP($P38,'All Data'!$A$1:$AAC$9859,2,FALSE) -> Second-year retention rate all students | H38: =HLOOKUP(H$16,'All Data'!$C$5:$AC$9884,MATCH('MFR - DO NOT EDIT'!$P38,'All Data'!$A$5:$A$9884,0),TRUE) -> 0.71 | I38: =HLOOKUP(I$16,'All Data'!$C$5:$AC$9884,MATCH('MFR - DO NOT EDIT'!$P38,'All Data'!$A$5:$A$9884,0),TRUE) -> 0.72 | J38: =HLOOKUP(J$16,'All Data'!$C$5:$AC$9884,MATCH('MFR - DO NOT EDIT'!$P38,'All Data'!$A$5:$A$9884,0),TRUE) -> 0.77 | K38: =HLOOKUP(K$16,'All Data'!$C$5:$AC$9884,MATCH('MFR - DO NOT EDIT'!$P38,'All Data'!$A$5:$A$9884,0),TRUE) -> 0.748 | L38: =HLOOKUP(L$16,'All Data'!$C$5:$AC$9884,MATCH('MFR - DO NOT EDIT'!$P38,'All Data'!$A$5:$A$9884,0),TRUE) -> 0.768 | M38: =HLOOKUP(M$16,'All Data'!$C$5:$AC$9884,MATCH('MFR - DO NOT EDIT'!$P38,'All Data'!$A$5:$A$9884,0),TRUE) -> 0.77 | N38: =HLOOKUP(N$16,'All Data'!$C$5:$AC$9884,MATCH('MFR - DO NOT EDIT'!$P38,'All Data'!$A$5:$A$9884,0),TRUE) -> 0.78 | P38: M201
C39: =VLOOKUP($P39,'All Data'!$A$1:$AAC$9859,2,FALSE) -> Six-year graduation rate all students | H39: =HLOOKUP(H$16,'All Data'!$C$5:$AC$9884,MATCH('MFR - DO NOT EDIT'!$P39,'All Data'!$A$5:$A$9884,0),TRUE) -> 0.53 | I39: =HLOOKUP(I$16,'All Data'!$C$5:$AC$9884,MATCH('MFR - DO NOT EDIT'!$P39,'All Data'!$A$5:$A$9884,0),TRUE) -> 0.526 | J39: =HLOOKUP(J$16,'All Data'!$C$5:$AC$9884,MATCH('MFR - DO NOT EDIT'!$P39,'All Data'!$A$5:$A$9884,0),TRUE) -> 0.56 | K39: =HLOOKUP(K$16,'All Data'!$C$5:$AC$9884,MATCH('MFR - DO NOT EDIT'!$P39,'All Data'!$A$5:$A$9884,0),TRUE) -> 0.556 | L39: =HLOOKUP(L$16,'All Data'!$C$5:$AC$9884,MATCH('MFR - DO NOT EDIT'!$P39,'All Data'!$A$5:$A$9884,0),TRUE) -> 0.617 | M39: =HLOOKUP(M$16,'All Data'!$C$5:$AC$9884,MATCH('MFR - DO NOT EDIT'!$P39,'All Data'!$A$5:$A$9884,0),TRUE) -> 0.62 | N39: =HLOOKUP(N$16,'All Data'!$C$5:$AC$9884,MATCH('MFR - DO NOT EDIT'!$P39,'All Data'!$A$5:$A$9884,0),TRUE) -> 0.63 | P39: M202
C40: =VLOOKUP($P40,'All Data'!$A$1:$AAC$9859,2,FALSE) -> Percent African-American (Fall undergraduate in fiscal year) | H40: =HLOOKUP(H$16,'All Data'!$C$5:$AC$9884,MATCH('MFR - DO NOT EDIT'!$P40,'All Data'!$A$5:$A$9884,0),TRUE) -> 0.244 | I40: =HLOOKUP(I$16,'All Data'!$C$5:$AC$9884,MATCH('MFR - DO NOT EDIT'!$P40,'All Data'!$A$5:$A$9884,0),TRUE) -> 0.25 | J40: =HLOOKUP(J$16,'All Data'!$C$5:$AC$9884,MATCH('MFR - DO NOT EDIT'!$P40,'All Data'!$A$5:$A$9884,0),TRUE) -> 0.27 | K40: =HLOOKUP(K$16,'All Data'!$C$5:$AC$9884,MATCH('MFR - DO NOT EDIT'!$P40,'All Data'!$A$5:$A$9884,0),TRUE) -> 0.29 | L40: =HLOOKUP(L$16,'All Data'!$C$5:$AC$9884,MATCH('MFR - DO NOT EDIT'!$P40,'All Data'!$A$5:$A$9884,0),TRUE) -> 0.308 | M40: =HLOOKUP(M$16,'All Data'!$C$5:$AC$9884,MATCH('MFR - DO NOT EDIT'!$P40,'All Data'!$A$5:$A$9884,0),TRUE) -> 0.31 | N40: =HLOOKUP(N$16,'All Data'!$C$5:$AC$9884,MATCH('MFR - DO NOT EDIT'!$P40,'All Data'!$A$5:$A$9884,0),TRUE) -> 0.315 | P40: M203
C41: =VLOOKUP($P41,'All Data'!$A$1:$AAC$9859,2,FALSE) -> Percent minority (Fall undergraduate in fiscal year) | H41: =HLOOKUP(H$16,'All Data'!$C$5:$AC$9884,MATCH('MFR - DO NOT EDIT'!$P41,'All Data'!$A$5:$A$9884,0),TRUE) -> 0.324 | I41: =HLOOKUP(I$16,'All Data'!$C$5:$AC$9884,MATCH('MFR - DO NOT EDIT'!$P41,'All Data'!$A$5:$A$9884,0),TRUE) -> 0.336 | J41: =HLOOKUP(J$16,'All Data'!$C$5:$AC$9884,MATCH('MFR - DO NOT EDIT'!$P41,'All Data'!$A$5:$A$9884,0),TRUE) -> 0.365 | K41: =HLOOKUP(K$16,'All Data'!$C$5:$AC$9884,MATCH('MFR - DO NOT EDIT'!$P41,'All Data'!$A$5:$A$9884,0),TRUE) -> 0.397 | L41: =HLOOKUP(L$16,'All Data'!$C$5:$AC$9884,MATCH('MFR - DO NOT EDIT'!$P41,'All Data'!$A$5:$A$9884,0),TRUE) -> 0.42 | M41: =HLOOKUP(M$16,'All Data'!$C$5:$AC$9884,MATCH('MFR - DO NOT EDIT'!$P41,'All Data'!$A$5:$A$9884,0),TRUE) -> 0.425 | N41: =HLOOKUP(N$16,'All Data'!$C$5:$AC$9884,MATCH('MFR - DO NOT EDIT'!$P41,'All Data'!$A$5:$A$9884,0),TRUE) -> 0.43 | P41: M204
C42: =VLOOKUP($P42,'All Data'!$A$1:$AAC$9859,2,FALSE) -> Second year retention rate for African-American students | H42: =HLOOKUP(H$16,'All Data'!$C$5:$AC$9884,MATCH('MFR - DO NOT EDIT'!$P42,'All Data'!$A$5:$A$9884,0),TRUE) -> 0.71 | I42: =HLOOKUP(I$16,'All Data'!$C$5:$AC$9884,MATCH('MFR - DO NOT EDIT'!$P42,'All Data'!$A$5:$A$9884,0),TRUE) -> 0.76 | J42: =HLOOKUP(J$16,'All Data'!$C$5:$AC$9884,MATCH('MFR - DO NOT EDIT'!$P42,'All Data'!$A$5:$A$9884,0),TRUE) -> 0.8 | K42: =HLOOKUP(K$16,'All Data'!$C$5:$AC$9884,MATCH('MFR - DO NOT EDIT'!$P42,'All Data'!$A$5:$A$9884,0),TRUE) -> 0.794 | L42: =HLOOKUP(L$16,'All Data'!$C$5:$AC$9884,MATCH('MFR - DO NOT EDIT'!$P42,'All Data'!$A$5:$A$9884,0),TRUE) -> 0.832 | M42: =HLOOKUP(M$16,'All Data'!$C$5:$AC$9884,MATCH('MFR - DO NOT EDIT'!$P42,'All Data'!$A$5:$A$9884,0),TRUE) -> 0.8 | N42: =HLOOKUP(N$16,'All Data'!$C$5:$AC$9884,MATCH('MFR - DO NOT EDIT'!$P42,'All Data'!$A$5:$A$9884,0),TRUE) -> 0.81 | P42: M205
C43: =VLOOKUP($P43,'All Data'!$A$1:$AAC$9859,2,FALSE) -> Six-year graduation rate for African-American students | H43: =HLOOKUP(H$16,'All Data'!$C$5:$AC$9884,MATCH('MFR - DO NOT EDIT'!$P43,'All Data'!$A$5:$A$9884,0),TRUE) -> 0.511 | I43: =HLOOKUP(I$16,'All Data'!$C$5:$AC$9884,MATCH('MFR - DO NOT EDIT'!$P43,'All Data'!$A$5:$A$9884,0),TRUE) -> 0.474 | J43: =HLOOKUP(J$16,'All Data'!$C$5:$AC$9884,MATCH('MFR - DO NOT EDIT'!$P43,'All Data'!$A$5:$A$9884,0),TRUE) -> 0.53 | K43: =HLOOKUP(K$16,'All Data'!$C$5:$AC$9884,MATCH('MFR - DO NOT EDIT'!$P43,'All Data'!$A$5:$A$9884,0),TRUE) -> 0.503 | L43: =HLOOKUP(L$16,'All Data'!$C$5:$AC$9884,MATCH('MFR - DO NOT EDIT'!$P43,'All Data'!$A$5:$A$9884,0),TRUE) -> 0.62 | M43: =HLOOKUP(M$16,'All Data'!$C$5:$AC$9884,MATCH('MFR - DO NOT EDIT'!$P43,'All Data'!$A$5:$A$9884,0),TRUE) -> 0.625 | N43: =HLOOKUP(N$16,'All Data'!$C$5:$AC$9884,MATCH('MFR - DO NOT EDIT'!$P43,'All Data'!$A$5:$A$9884,0),TRUE) -> 0.63 | P43: M206
C44: =VLOOKUP($P44,'All Data'!$A$1:$AAC$9859,2,FALSE) -> Second-year retention rate for minority students | H44: =HLOOKUP(H$16,'All Data'!$C$5:$AC$9884,MATCH('MFR - DO NOT EDIT'!$P44,'All Data'!$A$5:$A$9884,0),TRUE) -> 0.7 | I44: =HLOOKUP(I$16,'All Data'!$C$5:$AC$9884,MATCH('MFR - DO NOT EDIT'!$P44,'All Data'!$A$5:$A$9884,0),TRUE) -> 0.74 | J44: =HLOOKUP(J$16,'All Data'!$C$5:$AC$9884,MATCH('MFR - DO NOT EDIT'!$P44,'All Data'!$A$5:$A$9884,0),TRUE) -> 0.78 | K44: =HLOOKUP(K$16,'All Data'!$C$5:$AC$9884,MATCH('MFR - DO NOT EDIT'!$P44,'All Data'!$A$5:$A$9884,0),TRUE) -> 0.778 | L44: =HLOOKUP(L$16,'All Data'!$C$5:$AC$9884,MATCH('MFR - DO NOT EDIT'!$P44,'All Data'!$A$5:$A$9884,0),TRUE) -> 0.823 | M44: =HLOOKUP(M$16,'All Data'!$C$5:$AC$9884,MATCH('MFR - DO NOT EDIT'!$P44,'All Data'!$A$5:$A$9884,0),TRUE) -> 0.83 | N44: =HLOOKUP(N$16,'All Data'!$C$5:$AC$9884,MATCH('MFR - DO NOT EDIT'!$P44,'All Data'!$A$5:$A$9884,0),TRUE) -> 0.835 | P44: M207
C45: =VLOOKUP($P45,'All Data'!$A$1:$AAC$9859,2,FALSE) -> Six-year graduation rate for minority students | H45: =HLOOKUP(H$16,'All Data'!$C$5:$AC$9884,MATCH('MFR - DO NOT EDIT'!$P45,'All Data'!$A$5:$A$9884,0),TRUE) -> 0.479 | I45: =HLOOKUP(I$16,'All Data'!$C$5:$AC$9884,MATCH('MFR - DO NOT EDIT'!$P45,'All Data'!$A$5:$A$9884,0),TRUE) -> 0.463 | J45: =HLOOKUP(J$16,'All Data'!$C$5:$AC$9884,MATCH('MFR - DO NOT EDIT'!$P45,'All Data'!$A$5:$A$9884,0),TRUE) -> 0.526 | K45: =HLOOKUP(K$16,'All Data'!$C$5:$AC$9884,MATCH('MFR - DO NOT EDIT'!$P45,'All Data'!$A$5:$A$9884,0),TRUE) -> 0.501 | L45: =HLOOKUP(L$16,'All Data'!$C$5:$AC$9884,MATCH('MFR - DO NOT EDIT'!$P45,'All Data'!$A$5:$A$9884,0),TRUE) -> 0.619 | M45: =HLOOKUP(M$16,'All Data'!$C$5:$AC$9884,MATCH('MFR - DO NOT EDIT'!$P45,'All Data'!$A$5:$A$9884,0),TRUE) -> 0.62 | N45: =HLOOKUP(N$16,'All Data'!$C$5:$AC$9884,MATCH('MFR - DO NOT EDIT'!$P45,'All Data'!$A$5:$A$9884,0),TRUE) -> 0.63 | P45: M208
C46: =VLOOKUP($P46,'All Data'!$A$1:$AAC$9859,2,FALSE) -> Percent of economically disadvantaged students | H46: =HLOOKUP(H$16,'All Data'!$C$5:$AC$9884,MATCH('MFR - DO NOT EDIT'!$P46,'All Data'!$A$5:$A$9884,0),TRUE) -> 0.61 | I46: =HLOOKUP(I$16,'All Data'!$C$5:$AC$9884,MATCH('MFR - DO NOT EDIT'!$P46,'All Data'!$A$5:$A$9884,0),TRUE) -> 0.57 | J46: =HLOOKUP(J$16,'All Data'!$C$5:$AC$9884,MATCH('MFR - DO NOT EDIT'!$P46,'All Data'!$A$5:$A$9884,0),TRUE) -> 0.61 | K46: =HLOOKUP(K$16,'All Data'!$C$5:$AC$9884,MATCH('MFR - DO NOT EDIT'!$P46,'All Data'!$A$5:$A$9884,0),TRUE) -> 0.6 | L46: =HLOOKUP(L$16,'All Data'!$C$5:$AC$9884,MATCH('MFR - DO NOT EDIT'!$P46,'All Data'!$A$5:$A$9884,0),TRUE) -> 0.607 | M46: =HLOOKUP(M$16,'All Data'!$C$5:$AC$9884,MATCH('MFR - DO NOT EDIT'!$P46,'All Data'!$A$5:$A$9884,0),TRUE) -> 0.6 | N46: =HLOOKUP(N$16,'All Data'!$C$5:$AC$9884,MATCH('MFR - DO NOT EDIT'!$P46,'All Data'!$A$5:$A$9884,0),TRUE) -> 0.6 | P46: M209
A48: Goal 3. | B48: Recruit and retain diverse and talented faculty and staff committed to student learning and University goals.
B49: Obj. 3.1 | C49: Attain greater faculty diversity: women from 40.0 percent in 2014; African-Americans from 3.6 percent in 2014 to 4.5 percent in 2019.
B50: Obj. 3.2 | C50: Increase the number of programs awarded professional accreditation (e.g., NCATE and AACSB) from 9 in 2014 to 10 by 2019.
B51: Obj. 3.3 | C51: By the 2017 survey year, maintain or surpass the satisfaction of graduates with education received for work at the 2014 level of 92 percent.
B52: Obj. 3.4 | C52: By the 2017 survey year, maintain the percentage of satisfaction with education for grad/prof school at the 2014 level of 100 percent.
C54: Performance Measures | H54: ='All Data'!$C$1-6&" Act." -> 2012 Act. | I54: ='All Data'!$C$1-5&" Act." -> 2013 Act. | J54: ='All Data'!$C$1-4&" Act." -> 2014 Act. | K54: ='All Data'!$C$1-3&" Act." -> 2015 Act. | L54: ='All Data'!$C$1-2&" Act." -> 2016 Act. | M54: ='All Data'!$C$1-1&" Est." -> 2017 Est. | N54: ='All Data'!$C$1-0&" Est." -> 2018 Est.
C55: =VLOOKUP($P55,'All Data'!$A$1:$AAC$9859,2,FALSE) -> Faculty diversity: Women (full-time faculty) | H55: =HLOOKUP(H$16,'All Data'!$C$5:$AC$9884,MATCH('MFR - DO NOT EDIT'!$P55,'All Data'!$A$5:$A$9884,0),TRUE) -> 0.42 | I55: =HLOOKUP(I$16,'All Data'!$C$5:$AC$9884,MATCH('MFR - DO NOT EDIT'!$P55,'All Data'!$A$5:$A$9884,0),TRUE) -> 0.41 | J55: =HLOOKUP(J$16,'All Data'!$C$5:$AC$9884,MATCH('MFR - DO NOT EDIT'!$P55,'All Data'!$A$5:$A$9884,0),TRUE) -> 0.4 | K55: =HLOOKUP(K$16,'All Data'!$C$5:$AC$9884,MATCH('MFR - DO NOT EDIT'!$P55,'All Data'!$A$5:$A$9884,0),TRUE) -> 0.41 | L55: =HLOOKUP(L$16,'All Data'!$C$5:$AC$9884,MATCH('MFR - DO NOT EDIT'!$P55,'All Data'!$A$5:$A$9884,0),TRUE) -> 0.411 | M55: =HLOOKUP(M$16,'All Data'!$C$5:$AC$9884,MATCH('MFR - DO NOT EDIT'!$P55,'All Data'!$A$5:$A$9884,0),TRUE) -> 0.415 | N55: =HLOOKUP(N$16,'All Data'!$C$5:$AC$9884,MATCH('MFR - DO NOT EDIT'!$P55,'All Data'!$A$5:$A$9884,0),TRUE) -> 0.42 | P55: M301
C56: =VLOOKUP($P56,'All Data'!$A$1:$AAC$9859,2,FALSE) -> African-American (full-time faculty) | H56: =HLOOKUP(H$16,'All Data'!$C$5:$AC$9884,MATCH('MFR - DO NOT EDIT'!$P56,'All Data'!$A$5:$A$9884,0),TRUE) -> 0.036 | I56: =HLOOKUP(I$16,'All Data'!$C$5:$AC$9884,MATCH('MFR - DO NOT EDIT'!$P56,'All Data'!$A$5:$A$9884,0),TRUE) -> 0.037 | J56: =HLOOKUP(J$16,'All Data'!$C$5:$AC$9884,MATCH('MFR - DO NOT EDIT'!$P56,'All Data'!$A$5:$A$9884,0),TRUE) -> 0.036 | K56: =HLOOKUP(K$16,'All Data'!$C$5:$AC$9884,MATCH('MFR - DO NOT EDIT'!$P56,'All Data'!$A$5:$A$9884,0),TRUE) -> 0.043 | L56: =HLOOKUP(L$16,'All Data'!$C$5:$AC$9884,MATCH('MFR - DO NOT EDIT'!$P56,'All Data'!$A$5:$A$9884,0),TRUE) -> 0.048 | M56: =HLOOKUP(M$16,'All Data'!$C$5:$AC$9884,MATCH('MFR - DO NOT EDIT'!$P56,'All Data'!$A$5:$A$9884,0),TRUE) -> 0.049 | N56: =HLOOKUP(N$16,'All Data'!$C$5:$AC$9884,MATCH('MFR - DO NOT EDIT'!$P56,'All Data'!$A$5:$A$9884,0),TRUE) -> 0.05 | P56: M302
C57: =VLOOKUP($P57,'All Data'!$A$1:$AAC$9859,2,FALSE) -> Achievement of professional accreditation by program | H57: =HLOOKUP(H$16,'All Data'!$C$5:$AC$9884,MATCH('MFR - DO NOT EDIT'!$P57,'All Data'!$A$5:$A$9884,0),TRUE) -> 9 | I57: =HLOOKUP(I$16,'All Data'!$C$5:$AC$9884,MATCH('MFR - DO NOT EDIT'!$P57,'All Data'!$A$5:$A$9884,0),TRUE) -> 9 | J57: =HLOOKUP(J$16,'All Data'!$C$5:$AC$9884,MATCH('MFR - DO NOT EDIT'!$P57,'All Data'!$A$5:$A$9884,0),TRUE) -> 9 | K57: =HLOOKUP(K$16,'All Data'!$C$5:$AC$9884,MATCH('MFR - DO NOT EDIT'!$P57,'All Data'!$A$5:$A$9884,0),TRUE) -> 9 | L57: =HLOOKUP(L$16,'All Data'!$C$5:$AC$9884,MATCH('MFR - DO NOT EDIT'!$P57,'All Data'!$A$5:$A$9884,0),TRUE) -> 9 | M57: =HLOOKUP(M$16,'All Data'!$C$5:$AC$9884,MATCH('MFR - DO NOT EDIT'!$P57,'All Data'!$A$5:$A$9884,0),TRUE) -> 10 | N57: =HLOOKUP(N$16,'All Data'!$C$5:$AC$9884,MATCH('MFR - DO NOT EDIT'!$P57,'All Data'!$A$5:$A$9884,0),TRUE) -> 10 | P57: M303
C58: =VLOOKUP($P58,'All Data'!$A$1:$AAC$9859,2,FALSE) -> Satisfaction with education for work (triennial survey) | H58: =HLOOKUP(H$16,'All Data'!$C$5:$AC$9884,MATCH('MFR - DO NOT EDIT'!$P58,'All Data'!$A$5:$A$9884,0),TRUE) -> N/A | I58: =HLOOKUP(I$16,'All Data'!$C$5:$AC$9884,MATCH('MFR - DO NOT EDIT'!$P58,'All Data'!$A$5:$A$9884,0),TRUE) -> N/A | J58: =HLOOKUP(J$16,'All Data'!$C$5:$AC$9884,MATCH('MFR - DO NOT EDIT'!$P58,'All Data'!$A$5:$A$9884,0),TRUE) -> 0.92 | K58: =HLOOKUP(K$16,'All Data'!$C$5:$AC$9884,MATCH('MFR - DO NOT EDIT'!$P58,'All Data'!$A$5:$A$9884,0),TRUE) -> N/A | L58: =HLOOKUP(L$16,'All Data'!$C$5:$AC$9884,MATCH('MFR - DO NOT EDIT'!$P58,'All Data'!$A$5:$A$9884,0),TRUE) -> N/A | M58: =HLOOKUP(M$16,'All Data'!$C$5:$AC$9884,MATCH('MFR - DO NOT EDIT'!$P58,'All Data'!$A$5:$A$9884,0),TRUE) -> 0.95 | N58: =HLOOKUP(N$16,'All Data'!$C$5:$AC$9884,MATCH('MFR - DO NOT EDIT'!$P58,'All Data'!$A$5:$A$9884,0),TRUE) -> N/A | P58: M304
C59: =VLOOKUP($P59,'All Data'!$A$1:$AAC$9859,2,FALSE) -> Satisfaction with education for graduate or professional school (triennial survey) | H59: =HLOOKUP(H$16,'All Data'!$C$5:$AC$9884,MATCH('MFR - DO NOT EDIT'!$P59,'All Data'!$A$5:$A$9884,0),TRUE) -> N/A | I59: =HLOOKUP(I$16,'All Data'!$C$5:$AC$9884,MATCH('MFR - DO NOT EDIT'!$P59,'All Data'!$A$5:$A$9884,0),TRUE) -> N/A | J59: =HLOOKUP(J$16,'All Data'!$C$5:$AC$9884,MATCH('MFR - DO NOT EDIT'!$P59,'All Data'!$A$5:$A$9884,0),TRUE) -> 1 | K59: =HLOOKUP(K$16,'All Data'!$C$5:$AC$9884,MATCH('MFR - DO NOT EDIT'!$P59,'All Data'!$A$5:$A$9884,0),TRUE) -> N/A | L59: =HLOOKUP(L$16,'All Data'!$C$5:$AC$9884,MATCH('MFR - DO NOT EDIT'!$P59,'All Data'!$A$5:$A$9884,0),TRUE) -> N/A | M59: =HLOOKUP(M$16,'All Data'!$C$5:$AC$9884,MATCH('MFR - DO NOT EDIT'!$P59,'All Data'!$A$5:$A$9884,0),TRUE) -> 0.95 | N59: =HLOOKUP(N$16,'All Data'!$C$5:$AC$9884,MATCH('MFR - DO NOT EDIT'!$P59,'All Data'!$A$5:$A$9884,0),TRUE) -> N/A | P59: M305
A61: Goal 4. | B61: Enhance facilities and the campus environment in order to support and reinforce student learning.
B62: Obj. 4.1 | C62: Maintain effective use of resources through 2019 by allocating at least two percent of replacement costs to facilities renewal and achieve at least two percent of operating budget for reallocation to priorities.
C64: Performance Measures | H64: ='All Data'!$C$1-6&" Act." -> 2012 Act. | I64: ='All Data'!$C$1-5&" Act." -> 2013 Act. | J64: ='All Data'!$C$1-4&" Act." -> 2014 Act. | K64: ='All Data'!$C$1-3&" Act." -> 2015 Act. | L64: ='All Data'!$C$1-2&" Act." -> 2016 Act. | M64: ='All Data'!$C$1-1&" Est." -> 2017 Est. | N64: ='All Data'!$C$1-0&" Est." -> 2018 Est.
C65: =VLOOKUP($P65,'All Data'!$A$1:$AAC$9859,2,FALSE) -> Percent of replacement cost expended in facility renewal | H65: =HLOOKUP(H$16,'All Data'!$C$5:$AC$9884,MATCH('MFR - DO NOT EDIT'!$P65,'All Data'!$A$5:$A$9884,0),TRUE) -> 0.01 | I65: =HLOOKUP(I$16,'All Data'!$C$5:$AC$9884,MATCH('MFR - DO NOT EDIT'!$P65,'All Data'!$A$5:$A$9884,0),TRUE) -> 0.011 | J65: =HLOOKUP(J$16,'All Data'!$C$5:$AC$9884,MATCH('MFR - DO NOT EDIT'!$P65,'All Data'!$A$5:$A$9884,0),TRUE) -> 0.006 | K65: =HLOOKUP(K$16,'All Data'!$C$5:$AC$9884,MATCH('MFR - DO NOT EDIT'!$P65,'All Data'!$A$5:$A$9884,0),TRUE) -> 0.005 | L65: =HLOOKUP(L$16,'All Data'!$C$5:$AC$9884,MATCH('MFR - DO NOT EDIT'!$P65,'All Data'!$A$5:$A$9884,0),TRUE) -> 0.012 | M65: =HLOOKUP(M$16,'All Data'!$C$5:$AC$9884,MATCH('MFR - DO NOT EDIT'!$P65,'All Data'!$A$5:$A$9884,0),TRUE) -> 0.014 | N65: =HLOOKUP(N$16,'All Data'!$C$5:$AC$9884,MATCH('MFR - DO NOT EDIT'!$P65,'All Data'!$A$5:$A$9884,0),TRUE) -> 0.02 | P65: M401
C66: =VLOOKUP($P66,'All Data'!$A$1:$AAC$9859,2,FALSE) -> Rate of operating budget reallocation | H66: =HLOOKUP(H$16,'All Data'!$C$5:$AC$9884,MATCH('MFR - DO NOT EDIT'!$P66,'All Data'!$A$5:$A$9884,0),TRUE) -> 0.03 | I66: =HLOOKUP(I$16,'All Data'!$C$5:$AC$9884,MATCH('MFR - DO NOT EDIT'!$P66,'All Data'!$A$5:$A$9884,0),TRUE) -> 0.02 | J66: =HLOOKUP(J$16,'All Data'!$C$5:$AC$9884,MATCH('MFR - DO NOT EDIT'!$P66,'All Data'!$A$5:$A$9884,0),TRUE) -> 0.02 | K66: =HLOOKUP(K$16,'All Data'!$C$5:$AC$9884,MATCH('MFR - DO NOT EDIT'!$P66,'All Data'!$A$5:$A$9884,0),TRUE) -> 0.1 | L66: =HLOOKUP(L$16,'All Data'!$C$5:$AC$9884,MATCH('MFR - DO NOT EDIT'!$P66,'All Data'!$A$5:$A$9884,0),TRUE) -> 0.03 | M66: =HLOOKUP(M$16,'All Data'!$C$5:$AC$9884,MATCH('MFR - DO NOT EDIT'!$P66,'All Data'!$A$5:$A$9884,0),TRUE) -> 0.02 | N66: =HLOOKUP(N$16,'All Data'!$C$5:$AC$9884,MATCH('MFR - DO NOT EDIT'!$P66,'All Data'!$A$5:$A$9884,0),TRUE) -> 0.02 | P66: M402
A68: Goal 5. | B68: Promote economic development in Western Maryland and in the region.
B69: Obj. 5.1 | C69: Increase the percentage of graduates employed one year out from 80 percent in survey year 2014 to 97 percent in survey year 2017.
B70: Obj. 5.2 | C70: Prepare graduates to obtain higher initial median salaries from $35,700 in 2014 to $36,800 in 2017.
B71: Obj. 5.3 | C71: Sustain or increase the number of economic development initiatives established in 2015 (11) through 2019.
C73: Performance Measures | H73: ='All Data'!$C$1-6&" Act." -> 2012 Act. | I73: ='All Data'!$C$1-5&" Act." -> 2013 Act. | J73: ='All Data'!$C$1-4&" Act." -> 2014 Act. | K73: ='All Data'!$C$1-3&" Act." -> 2015 Act. | L73: ='All Data'!$C$1-2&" Act." -> 2016 Act. | M73: ='All Data'!$C$1-1&" Est." -> 2017 Est. | N73: ='All Data'!$C$1-0&" Est." -> 2018 Est.
C74: =VLOOKUP($P74,'All Data'!$A$1:$AAC$9859,2,FALSE) -> Headcount enrollment (Fall total in fiscal year) | H74: =HLOOKUP(H$16,'All Data'!$C$5:$AC$9884,MATCH('MFR - DO NOT EDIT'!$P74,'All Data'!$A$5:$A$9884,0),TRUE) -> 5429 | I74: =HLOOKUP(I$16,'All Data'!$C$5:$AC$9884,MATCH('MFR - DO NOT EDIT'!$P74,'All Data'!$A$5:$A$9884,0),TRUE) -> 5421 | J74: =HLOOKUP(J$16,'All Data'!$C$5:$AC$9884,MATCH('MFR - DO NOT EDIT'!$P74,'All Data'!$A$5:$A$9884,0),TRUE) -> 5474 | K74: =HLOOKUP(K$16,'All Data'!$C$5:$AC$9884,MATCH('MFR - DO NOT EDIT'!$P74,'All Data'!$A$5:$A$9884,0),TRUE) -> 5645 | L74: =HLOOKUP(L$16,'All Data'!$C$5:$AC$9884,MATCH('MFR - DO NOT EDIT'!$P74,'All Data'!$A$5:$A$9884,0),TRUE) -> 5756 | M74: =HLOOKUP(M$16,'All Data'!$C$5:$AC$9884,MATCH('MFR - DO NOT EDIT'!$P74,'All Data'!$A$5:$A$9884,0),TRUE) -> 5802 | N74: =HLOOKUP(N$16,'All Data'!$C$5:$AC$9884,MATCH('MFR - DO NOT EDIT'!$P74,'All Data'!$A$5:$A$9884,0),TRUE) -> 5848 | P74: M501
C75: =VLOOKUP($P75,'All Data'!$A$1:$AAC$9859,2,FALSE) -> Number of graduates with a bachelor’s degree | H75: =HLOOKUP(H$16,'All Data'!$C$5:$AC$9884,MATCH('MFR - DO NOT EDIT'!$P75,'All Data'!$A$5:$A$9884,0),TRUE) -> 892 | I75: =HLOOKUP(I$16,'All Data'!$C$5:$AC$9884,MATCH('MFR - DO NOT EDIT'!$P75,'All Data'!$A$5:$A$9884,0),TRUE) -> 969 | J75: =HLOOKUP(J$16,'All Data'!$C$5:$AC$9884,MATCH('MFR - DO NOT EDIT'!$P75,'All Data'!$A$5:$A$9884,0),TRUE) -> 1011 | K75: =HLOOKUP(K$16,'All Data'!$C$5:$AC$9884,MATCH('MFR - DO NOT EDIT'!$P75,'All Data'!$A$5:$A$9884,0),TRUE) -> 1028 | L75: =HLOOKUP(L$16,'All Data'!$C$5:$AC$9884,MATCH('MFR - DO NOT EDIT'!$P75,'All Data'!$A$5:$A$9884,0),TRUE) -> 963 | M75: =HLOOKUP(M$16,'All Data'!$C$5:$AC$9884,MATCH('MFR - DO NOT EDIT'!$P75,'All Data'!$A$5:$A$9884,0),TRUE) -> 975 | N75: =HLOOKUP(N$16,'All Data'!$C$5:$AC$9884,MATCH('MFR - DO NOT EDIT'!$P75,'All Data'!$A$5:$A$9884,0),TRUE) -> 980 | P75: M502
C76: =VLOOKUP($P76,'All Data'!$A$1:$AAC$9859,2,FALSE) -> Number of graduates working in Maryland (triennial survey) | H76: =HLOOKUP(H$16,'All Data'!$C$5:$AC$9884,MATCH('MFR - DO NOT EDIT'!$P76,'All Data'!$A$5:$A$9884,0),TRUE) -> N/A | I76: =HLOOKUP(I$16,'All Data'!$C$5:$AC$9884,MATCH('MFR - DO NOT EDIT'!$P76,'All Data'!$A$5:$A$9884,0),TRUE) -> N/A | J76: =HLOOKUP(J$16,'All Data'!$C$5:$AC$9884,MATCH('MFR - DO NOT EDIT'!$P76,'All Data'!$A$5:$A$9884,0),TRUE) -> 669 | K76: =HLOOKUP(K$16,'All Data'!$C$5:$AC$9884,MATCH('MFR - DO NOT EDIT'!$P76,'All Data'!$A$5:$A$9884,0),TRUE) -> N/A | L76: =HLOOKUP(L$16,'All Data'!$C$5:$AC$9884,MATCH('MFR - DO NOT EDIT'!$P76,'All Data'!$A$5:$A$9884,0),TRUE) -> N/A | M76: =HLOOKUP(M$16,'All Data'!$C$5:$AC$9884,MATCH('MFR - DO NOT EDIT'!$P76,'All Data'!$A$5:$A$9884,0),TRUE) -> 700 | N76: =HLOOKUP(N$16,'All Data'!$C$5:$AC$9884,MATCH('MFR - DO NOT EDIT'!$P76,'All Data'!$A$5:$A$9884,0),TRUE) -> N/A | P76: M503
C77: =VLOOKUP($P77,'All Data'!$A$1:$AAC$9859,2,FALSE) -> Percent of graduates employed one year out (triennial survey) | H77: =HLOOKUP(H$16,'All Data'!$C$5:$AC$9884,MATCH('MFR - DO NOT EDIT'!$P77,'All Data'!$A$5:$A$9884,0),TRUE) -> N/A | I77: =HLOOKUP(I$16,'All Data'!$C$5:$AC$9884,MATCH('MFR - DO NOT EDIT'!$P77,'All Data'!$A$5:$A$9884,0),TRUE) -> N/A | J77: =HLOOKUP(J$16,'All Data'!$C$5:$AC$9884,MATCH('MFR - DO NOT EDIT'!$P77,'All Data'!$A$5:$A$9884,0),TRUE) -> 0.8 | K77: =HLOOKUP(K$16,'All Data'!$C$5:$AC$9884,MATCH('MFR - DO NOT EDIT'!$P77,'All Data'!$A$5:$A$9884,0),TRUE) -> N/A | L77: =HLOOKUP(L$16,'All Data'!$C$5:$AC$9884,MATCH('MFR - DO NOT EDIT'!$P77,'All Data'!$A$5:$A$9884,0),TRUE) -> N/A | M77: =HLOOKUP(M$16,'All Data'!$C$5:$AC$9884,MATCH('MFR - DO NOT EDIT'!$P77,'All Data'!$A$5:$A$9884,0),TRUE) -> 0.85 | N77: =HLOOKUP(N$16,'All Data'!$C$5:$AC$9884,MATCH('MFR - DO NOT EDIT'!$P77,'All Data'!$A$5:$A$9884,0),TRUE) -> N/A | P77: M504
C78: =VLOOKUP($P78,'All Data'!$A$1:$AAC$9859,2,FALSE) -> Median salary of graduates (triennial survey) | H78: =HLOOKUP(H$16,'All Data'!$C$5:$AC$9884,MATCH('MFR - DO NOT EDIT'!$P78,'All Data'!$A$5:$A$9884,0),TRUE) -> N/A | I78: =HLOOKUP(I$16,'All Data'!$C$5:$AC$9884,MATCH('MFR - DO NOT EDIT'!$P78,'All Data'!$A$5:$A$9884,0),TRUE) -> N/A | J78: =HLOOKUP(J$16,'All Data'!$C$5:$AC$9884,MATCH('MFR - DO NOT EDIT'!$P78,'All Data'!$A$5:$A$9884,0),TRUE) -> 35700 | K78: =HLOOKUP(K$16,'All Data'!$C$5:$AC$9884,MATCH('MFR - DO NOT EDIT'!$P78,'All Data'!$A$5:$A$9884,0),TRUE) -> N/A | L78: =HLOOKUP(L$16,'All Data'!$C$5:$AC$9884,MATCH('MFR - DO NOT EDIT'!$P78,'All Data'!$A$5:$A$9884,0),TRUE) -> N/A | M78: =HLOOKUP(M$16,'All Data'!$C$5:$AC$9884,MATCH('MFR - DO NOT EDIT'!$P78,'All Data'!$A$5:$A$9884,0),TRUE) -> 37500 | N78: =HLOOKUP(N$16,'All Data'!$C$5:$AC$9884,MATCH('MFR - DO NOT EDIT'!$P78,'All Data'!$A$5:$A$9884,0),TRUE) -> N/A | P78: M505
C79: =VLOOKUP($P79,'All Data'!$A$1:$AAC$9859,2,FALSE) -> Number of initiatives | H79: =HLOOKUP(H$16,'All Data'!$C$5:$AC$9884,MATCH('MFR - DO NOT EDIT'!$P79,'All Data'!$A$5:$A$9884,0),TRUE) -> 8 | I79: =HLOOKUP(I$16,'All Data'!$C$5:$AC$9884,MATCH('MFR - DO NOT EDIT'!$P79,'All Data'!$A$5:$A$9884,0),TRUE) -> 9 | J79: =HLOOKUP(J$16,'All Data'!$C$5:$AC$9884,MATCH('MFR - DO NOT EDIT'!$P79,'All Data'!$A$5:$A$9884,0),TRUE) -> 10 | K79: =HLOOKUP(K$16,'All Data'!$C$5:$AC$9884,MATCH('MFR - DO NOT EDIT'!$P79,'All Data'!$A$5:$A$9884,0),TRUE) -> 11 | L79: =HLOOKUP(L$16,'All Data'!$C$5:$AC$9884,MATCH('MFR - DO NOT EDIT'!$P79,'All Data'!$A$5:$A$9884,0),TRUE) -> 11 | M79: =HLOOKUP(M$16,'All Data'!$C$5:$AC$9884,MATCH('MFR - DO NOT EDIT'!$P79,'All Data'!$A$5:$A$9884,0),TRUE) -> 12 | N79: =HLOOKUP(N$16,'All Data'!$C$5:$AC$9884,MATCH('MFR - DO NOT EDIT'!$P79,'All Data'!$A$5:$A$9884,0),TRUE) -> 12 | P79: M506
A81: Goal 6. | B81: Promote activities that demonstrate the University’s educational distinction.
B82: Obj. 6.1 | C82: Through 2019, continue participation in the system campaign goal.
B83: Obj. 6.2 | C83: Increase student’s involvement in community outreach from 4,121 in 2014 to 4,280 in 2019.
B84: Obj. 6.3 | C84: Increase the number of faculty awards from 20 in 2014 to 23 in 2019.
B85: Obj. 6.4 | C85: Sustain the Regents’ goal of 7 to 8 course units taught by full-time equivalent (FTE) Core Faculty through 2019.
B86: Obj. 6.5 | C86: Through fiscal year 2019 sustain the number of days spent in public service per FTE Faculty is at least 11.0 as recorded in fiscal year 2015.
C88: Performance Measures | H88: ='All Data'!$C$1-6&" Act." -> 2012 Act. | I88: ='All Data'!$C$1-5&" Act." -> 2013 Act. | J88: ='All Data'!$C$1-4&" Act." -> 2014 Act. | K88: ='All Data'!$C$1-3&" Act." -> 2015 Act. | L88: ='All Data'!$C$1-2&" Act." -> 2016 Act. | M88: ='All Data'!$C$1-1&" Est." -> 2017 Est. | N88: ='All Data'!$C$1-0&" Est." -> 2018 Est.
C89: =VLOOKUP($P89,'All Data'!$A$1:$AAC$9859,2,FALSE) -> Funds raised in annual giving ($ millions) | H89: =HLOOKUP(H$16,'All Data'!$C$5:$AC$9884,MATCH('MFR - DO NOT EDIT'!$P89,'All Data'!$A$5:$A$9884,0),TRUE) -> 2 | I89: =HLOOKUP(I$16,'All Data'!$C$5:$AC$9884,MATCH('MFR - DO NOT EDIT'!$P89,'All Data'!$A$5:$A$9884,0),TRUE) -> 2.1 | J89: =HLOOKUP(J$16,'All Data'!$C$5:$AC$9884,MATCH('MFR - DO NOT EDIT'!$P89,'All Data'!$A$5:$A$9884,0),TRUE) -> 2.4 | K89: =HLOOKUP(K$16,'All Data'!$C$5:$AC$9884,MATCH('MFR - DO NOT EDIT'!$P89,'All Data'!$A$5:$A$9884,0),TRUE) -> 2.16 | L89: =HLOOKUP(L$16,'All Data'!$C$5:$AC$9884,MATCH('MFR - DO NOT EDIT'!$P89,'All Data'!$A$5:$A$9884,0),TRUE) -> 2.1 | M89: =HLOOKUP(M$16,'All Data'!$C$5:$AC$9884,MATCH('MFR - DO NOT EDIT'!$P89,'All Data'!$A$5:$A$9884,0),TRUE) -> 2.4 | N89: =HLOOKUP(N$16,'All Data'!$C$5:$AC$9884,MATCH('MFR - DO NOT EDIT'!$P89,'All Data'!$A$5:$A$9884,0),TRUE) -> 2.6 | P89: M601
C90: =VLOOKUP($P90,'All Data'!$A$1:$AAC$9859,2,FALSE) -> Number of students involved in community outreach | H90: =HLOOKUP(H$16,'All Data'!$C$5:$AC$9884,MATCH('MFR - DO NOT EDIT'!$P90,'All Data'!$A$5:$A$9884,0),TRUE) -> 3535 | I90: =HLOOKUP(I$16,'All Data'!$C$5:$AC$9884,MATCH('MFR - DO NOT EDIT'!$P90,'All Data'!$A$5:$A$9884,0),TRUE) -> 4055 | J90: =HLOOKUP(J$16,'All Data'!$C$5:$AC$9884,MATCH('MFR - DO NOT EDIT'!$P90,'All Data'!$A$5:$A$9884,0),TRUE) -> 4121 | K90: =HLOOKUP(K$16,'All Data'!$C$5:$AC$9884,MATCH('MFR - DO NOT EDIT'!$P90,'All Data'!$A$5:$A$9884,0),TRUE) -> 4260 | L90: =HLOOKUP(L$16,'All Data'!$C$5:$AC$9884,MATCH('MFR - DO NOT EDIT'!$P90,'All Data'!$A$5:$A$9884,0),TRUE) -> 4566 | M90: =HLOOKUP(M$16,'All Data'!$C$5:$AC$9884,MATCH('MFR - DO NOT EDIT'!$P90,'All Data'!$A$5:$A$9884,0),TRUE) -> 4600 | N90: =HLOOKUP(N$16,'All Data'!$C$5:$AC$9884,MATCH('MFR - DO NOT EDIT'!$P90,'All Data'!$A$5:$A$9884,0),TRUE) -> 4650 | P90: M602
C91: =VLOOKUP($P91,'All Data'!$A$1:$AAC$9859,2,FALSE) -> Number faculty awards | H91: =HLOOKUP(H$16,'All Data'!$C$5:$AC$9884,MATCH('MFR - DO NOT EDIT'!$P91,'All Data'!$A$5:$A$9884,0),TRUE) -> 17 | I91: =HLOOKUP(I$16,'All Data'!$C$5:$AC$9884,MATCH('MFR - DO NOT EDIT'!$P91,'All Data'!$A$5:$A$9884,0),TRUE) -> 23 | J91: =HLOOKUP(J$16,'All Data'!$C$5:$AC$9884,MATCH('MFR - DO NOT EDIT'!$P91,'All Data'!$A$5:$A$9884,0),TRUE) -> 20 | K91: =HLOOKUP(K$16,'All Data'!$C$5:$AC$9884,MATCH('MFR - DO NOT EDIT'!$P91,'All Data'!$A$5:$A$9884,0),TRUE) -> 14 | L91: =HLOOKUP(L$16,'All Data'!$C$5:$AC$9884,MATCH('MFR - DO NOT EDIT'!$P91,'All Data'!$A$5:$A$9884,0),TRUE) -> 17 | M91: =HLOOKUP(M$16,'All Data'!$C$5:$AC$9884,MATCH('MFR - DO NOT EDIT'!$P91,'All Data'!$A$5:$A$9884,0),TRUE) -> 18 | N91: =HLOOKUP(N$16,'All Data'!$C$5:$AC$9884,MATCH('MFR - DO NOT EDIT'!$P91,'All Data'!$A$5:$A$9884,0),TRUE) -> 19 | P91: M603
C92: =VLOOKUP($P92,'All Data'!$A$1:$AAC$9859,2,FALSE) -> Course units taught by FTE core faculty | H92: =HLOOKUP(H$16,'All Data'!$C$5:$AC$9884,MATCH('MFR - DO NOT EDIT'!$P92,'All Data'!$A$5:$A$9884,0),TRUE) -> 7.4 | I92: =HLOOKUP(I$16,'All Data'!$C$5:$AC$9884,MATCH('MFR - DO NOT EDIT'!$P92,'All Data'!$A$5:$A$9884,0),TRUE) -> 7.4 | J92: =HLOOKUP(J$16,'All Data'!$C$5:$AC$9884,MATCH('MFR - DO NOT EDIT'!$P92,'All Data'!$A$5:$A$9884,0),TRUE) -> 7.1 | K92: =HLOOKUP(K$16,'All Data'!$C$5:$AC$9884,MATCH('MFR - DO NOT EDIT'!$P92,'All Data'!$A$5:$A$9884,0),TRUE) -> 7.5 | L92: =HLOOKUP(L$16,'All Data'!$C$5:$AC$9884,MATCH('MFR - DO NOT EDIT'!$P92,'All Data'!$A$5:$A$9884,0),TRUE) -> 7.3 | M92: =HLOOKUP(M$16,'All Data'!$C$5:$AC$9884,MATCH('MFR - DO NOT EDIT'!$P92,'All Data'!$A$5:$A$9884,0),TRUE) -> 7.4 | N92: =HLOOKUP(N$16,'All Data'!$C$5:$AC$9884,MATCH('MFR - DO NOT EDIT'!$P92,'All Data'!$A$5:$A$9884,0),TRUE) -> 7.5 | P92: M604
C93: =VLOOKUP($P93,'All Data'!$A$1:$AAC$9859,2,FALSE) -> Days of public service per FTE faculty | H93: =HLOOKUP(H$16,'All Data'!$C$5:$AC$9884,MATCH('MFR - DO NOT EDIT'!$P93,'All Data'!$A$5:$A$9884,0),TRUE) -> 12.1 | I93: =HLOOKUP(I$16,'All Data'!$C$5:$AC$9884,MATCH('MFR - DO NOT EDIT'!$P93,'All Data'!$A$5:$A$9884,0),TRUE) -> 13 | J93: =HLOOKUP(J$16,'All Data'!$C$5:$AC$9884,MATCH('MFR - DO NOT EDIT'!$P93,'All Data'!$A$5:$A$9884,0),TRUE) -> 11.6 | K93: =HLOOKUP(K$16,'All Data'!$C$5:$AC$9884,MATCH('MFR - DO NOT EDIT'!$P93,'All Data'!$A$5:$A$9884,0),TRUE) -> 11 | L93: =HLOOKUP(L$16,'All Data'!$C$5:$AC$9884,MATCH('MFR - DO NOT EDIT'!$P93,'All Data'!$A$5:$A$9884,0),TRUE) -> 9.6 | M93: =HLOOKUP(M$16,'All Data'!$C$5:$AC$9884,MATCH('MFR - DO NOT EDIT'!$P93,'All Data'!$A$5:$A$9884,0),TRUE) -> 10 | N93: =HLOOKUP(N$16,'All Data'!$C$5:$AC$9884,MATCH('MFR - DO NOT EDIT'!$P93,'All Data'!$A$5:$A$9884,0),TRUE) -> 11 | P93: M605

Sheet All Data
B1: MFR SUBMISSION FOR FISCAL YEAR: | C1: 2018
B3: MFR Data
A4: Code | B4: Performance Measure | Y4: Program Code
C5: 1998 Act. | D5: 1999 Act. | E5: 2000 Act. | F5: 2001 Act. | G5: 2002 Act. | H5: 2003 Act. | I5: 2004 Act. | J5: 2005 Act. | K5: 2006 Act. | L5: 2007 Act. | M5: 2008 Act. | N5: 2009 Act. | O5: 2010 Act. | P5: 2011 Act. | Q5: 2012 Act. | R5: 2013 Act. | S5: 2014 Act. | T5: 2015 Act. | U5: 2016 Act. | V5: 2017 Est. | W5: 2018 Est. | X5: CY/FY/FFY? | Y5: (ex. X00A01.01) | Z5: Endnotes / Comments
A6: M101 | B6: Number of undergraduates enrolled in STEM programs | P6: 644 | Q6: 721 | R6: 752 | S6: 858 | T6: 913 | U6: 949 | V6: 925 | W6: 950 | X6: FY | Z6: PRAXIS II program completer cohorts are based on the degree year (DY) of August, December, January, and May; FY 2016 pass rate data = DY 2015, FY 2015 pass rate data = DY 2014; FY 2014 pass rate data = DY 2013, FY 2013 pass rate data = DY 2012.
A7: M102 | B7: Number of graduates of STEM programs (annually) | P7: 75 | Q7: 111 | R7: 114 | S7: 150 | T7: 140 | U7: 128 | V7: 130 | W7: 140 | X7: FY
A8: M103 | B8: Number of undergraduates and Master of Arts (MAT) post-bachelor’s enrolled in teacher education | P8: 573 | Q8: 532 | R8: 512 | S8: 482 | T8: 423 | U8: 414 | V8: 397 | W8: 400 | X8: FY
A9: M104 | B9: Number of undergraduates and MAT post-bachelor’s completing teacher training | P9: 161 | Q9: 129 | R9: 161 | S9: 129 | T9: 126 | U9: 113 | V9: 120 | W9: 125 | X9: FY
A10: M105 | B10: Pass rates for undergraduates and MAT post-bachelor’s on Praxis II exam | P10: 0.96 | Q10: 0.95 | R10: 0.97 | S10: 0.96 | T10: 0.97 | U10: 0.98 | V10: 0.98 | W10: 0.98 | X10: FY
A11: M106 | B11: Number of undergraduates enrolled in Nursing (RN to BSN) program | P11: 17 | Q11: 32 | R11: 100 | S11: 224 | T11: 375 | U11: 457 | V11: 446 | W11: 460 | X11: FY
A12: M107 | B12: Number of graduates of the Nursing (RN to BSN) program | P12: 4 | Q12: 10 | R12: 16 | S12: 51 | T12: 97 | U12: 139 | V12: 142 | W12: 145 | X12: FY
A13: M108 | B13: Number of Nursing (RN to BSN) program graduates employed in Maryland | P13: 4 | Q13: 9 | R13: 16 | S13: 25 | T13: 76 | U13: 97 | V13: 101 | W13: 104 | X13: FY
A14: M109 | B14: Number of annual off-campus course enrollments | P14: 4777 | Q14: 5144 | R14: 5990 | S14: 6769 | T14: 7830 | U14: 8268 | V14: 8275 | W14: 8280 | X14: FY | Z14: Off campus duplicative course enrollments for FY (summer, fall, and spring).
A16: M201 | B16: Second-year retention rate all students | I16: objectives for resolving trouble spots, providing timeliness of repair, | P16: 0.74 | Q16: 0.71 | R16: 0.72 | S16: 0.77 | T16: 0.748 | U16: 0.768 | V16: 0.77 | W16: 0.78 | X16: FY
A17: M202 | B17: Six-year graduation rate all students | P17: 0.563 | Q17: 0.53 | R17: 0.526 | S17: 0.56 | T17: 0.556 | U17: 0.617 | V17: 0.62 | W17: 0.63 | X17: FY
A18: M203 | B18: Percent African-American (Fall undergraduate in fiscal year) | P18: 0.232 | Q18: 0.244 | R18: 0.25 | S18: 0.27 | T18: 0.29 | U18: 0.308 | V18: 0.31 | W18: 0.315 | X18: FY
A19: M204 | B19: Percent minority (Fall undergraduate in fiscal year) | P19: 0.289 | Q19: 0.324 | R19: 0.336 | S19: 0.365 | T19: 0.397 | U19: 0.42 | V19: 0.425 | W19: 0.43 | X19: FY
A20: M205 | B20: Second year retention rate for African-American students | P20: 0.73 | Q20: 0.71 | R20: 0.76 | S20: 0.8 | T20: 0.794 | U20: 0.832 | V20: 0.8 | W20: 0.81 | X20: FY | Z20: using old method for comparison purposes
A21: M206 | B21: Six-year graduation rate for African-American students | P21: 0.497 | Q21: 0.511 | R21: 0.474 | S21: 0.53 | T21: 0.503 | U21: 0.62 | V21: 0.625 | W21: 0.63 | X21: FY
A22: M207 | B22: Second-year retention rate for minority students | I22: meeting appointments for installation, answering inquiries to | P22: 0.72 | Q22: 0.7 | R22: 0.74 | S22: 0.78 | T22: 0.778 | U22: 0.823 | V22: 0.83 | W22: 0.835 | X22: FY | Z22: using old method for comparison purposes
A23: M208 | B23: Six-year graduation rate for minority students | P23: 0.505 | Q23: 0.479 | R23: 0.463 | S23: 0.526 | T23: 0.501 | U23: 0.619 | V23: 0.62 | W23: 0.63 | X23: FY
A24: M209 | B24: Percent of economically disadvantaged students | P24: 0.57 | Q24: 0.61 | R24: 0.57 | S24: 0.61 | T24: 0.6 | U24: 0.607 | V24: 0.6 | W24: 0.6 | X24: FY
I25: business offices, and maintaining operability of pay telephones
A26: M301 | B26: Faculty diversity: Women (full-time faculty) | P26: 0.4 | Q26: 0.42 | R26: 0.41 | S26: 0.4 | T26: 0.41 | U26: 0.411 | V26: 0.415 | W26: 0.42 | X26: FY
A27: M302 | B27: African-American (full-time faculty) | P27: 0.037 | Q27: 0.036 | R27: 0.037 | S27: 0.036 | T27: 0.043 | U27: 0.048 | V27: 0.049 | W27: 0.05 | X27: FY
A28: M303 | B28: Achievement of professional accreditation by program | P28: 8 | Q28: 9 | R28: 9 | S28: 9 | T28: 9 | U28: 9 | V28: 10 | W28: 10 | X28: FY | Z28: Cumulative number of program accreditations at the University.
A29: M304 | B29: Satisfaction with education for work (triennial survey) | P29: 0.95 | Q29: N/A | R29: N/A | S29: 0.92 | T29: N/A | U29: N/A | V29: 0.95 | W29: N/A | X29: FY | Z29: Column headings used for this measure reflect the survey years in which the data were gathered. Data contained in the 2002, 2005, 2008, 2011, and 2014 columns are taken from the MHEC-sponsored Alumni Follow up Survey, which is now administered triennially to alumni who graduated the prior year (for instance the 2014 survey was of 2013 graduates, etc.).
A30: M305 | B30: Satisfaction with education for graduate or professional school (triennial survey) | P30: 0.94 | Q30: N/A | R30: N/A | S30: 1 | T30: N/A | U30: N/A | V30: 0.95 | W30: N/A | X30: FY | Z30: Column headings used for this measure reflect the survey years in which the data were gathered. Data contained in the 2002, 2005, 2008, 2011, and 2014 columns are taken from the MHEC-sponsored Alumni Follow up Survey, which is now administered triennially to alumni who graduated the prior year (for instance the 2014 survey was of 2013 graduates, etc.).
A32: M401 | B32: Percent of replacement cost expended in facility renewal | P32: 0.024 | Q32: 0.01 | R32: 0.011 | S32: 0.006 | T32: 0.005 | U32: 0.012 | V32: 0.014 | W32: 0.02 | X32: FY | Z32: FY 12 Reflects post September submission adjustment and is based upon updated information supplied by the USM office. FY 2013 and 2014 are Budgeted Only.
A33: M402 | B33: Rate of operating budget reallocation | P33: 0.04 | Q33: 0.03 | R33: 0.02 | S33: 0.02 | T33: 0.1 | U33: 0.03 | V33: 0.02 | W33: 0.02 | X33: FY
A35: M501 | B35: Headcount enrollment (Fall total in fiscal year) | P35: 5470 | Q35: 5429 | R35: 5421 | S35: 5474 | T35: 5645 | U35: 5756 | V35: 5802 | W35: 5848 | X35: FY
A36: M502 | B36: Number of graduates with a bachelor’s degree | P36: 850 | Q36: 892 | R36: 969 | S36: 1011 | T36: 1028 | U36: 963 | V36: 975 | W36: 980 | X36: FY
A37: M503 | B37: Number of graduates working in Maryland (triennial survey) | P37: 586 | Q37: N/A | R37: N/A | S37: 669 | T37: N/A | U37: N/A | V37: 700 | W37: N/A | X37: FY | Z37: Column headings used for this measure reflect the survey years in which the data were gathered. Data contained in the 2002, 2005, 2008, 2011, and 2014 columns are taken from the MHEC-sponsored Alumni Follow up Survey, which is now administered triennially to alumni who graduated the prior year (for instance the 2014 survey was of 2013 graduates, etc.).
A38: M504 | B38: Percent of graduates employed one year out (triennial survey) | P38: 0.9 | Q38: N/A | R38: N/A | S38: 0.8 | T38: N/A | U38: N/A | V38: 0.85 | W38: N/A | X38: FY | Z38: Column headings used for this measure reflect the survey years in which the data were gathered. Data contained in the 2002, 2005, 2008, 2011, and 2014 columns are taken from the MHEC-sponsored Alumni Follow up Survey, which is now administered triennially to alumni who graduated the prior year (for instance the 2014 survey was of 2013 graduates, etc.).
A39: M505 | B39: Median salary of graduates (triennial survey) | P39: 32500 | Q39: N/A | R39: N/A | S39: 35700 | T39: N/A | U39: N/A | V39: 37500 | W39: N/A | X39: FY | Z39: The weighted average of the mid point of the salary ranges. Column headings used for this measure reflect the survey years in which the data were gathered. Data contained in the 2002, 2005, 2008, 2011, and 2014 columns are taken from the MHEC-sponsored Alumni Follow up Survey, which is now administered triennially to alumni who graduated the prior year (for instance the 2014 survey was of 2013 graduates, etc.).
A40: M506 | B40: Number of initiatives | P40: 8 | Q40: 8 | R40: 9 | S40: 10 | T40: 11 | U40: 11 | V40: 12 | W40: 12 | X40: FY | Z40: Cumulative number of initiatives attracted to FSU.
A42: M601 | B42: Funds raised in annual giving ($ millions) | P42: 3.6 | Q42: 2 | R42: 2.1 | S42: 2.4 | T42: 2.16 | U42: 2.1 | V42: 2.4 | W42: 2.6 | X42: FY
A43: M602 | B43: Number of students involved in community outreach | P43: 3327 | Q43: 3535 | R43: 4055 | S43: 4121 | T43: 4260 | U43: 4566 | V43: 4600 | W43: 4650 | X43: FY | Z43: Number of students involved in community outreach is a duplicated count.
A44: M603 | B44: Number faculty awards | P44: 18 | Q44: 17 | R44: 23 | S44: 20 | T44: 14 | U44: 17 | V44: 18 | W44: 19 | X44: FY | Z44: Expented final when report is final
A45: M604 | B45: Course units taught by FTE core faculty | P45: 7.5 | Q45: 7.4 | R45: 7.4 | S45: 7.1 | T45: 7.5 | U45: 7.3 | V45: 7.4 | W45: 7.5 | X45: FY | Z45: Expected final when USM workload report final
A46: M605 | B46: Days of public service per FTE faculty | P46: 13.6 | Q46: 12.1 | R46: 13 | S46: 11.6 | T46: 11 | U46: 9.6 | V46: 10 | W46: 11 | X46: FY | Z46: Expected final when USM workload report final
Z48: The total number of respondents was low for the 2014 survey administration, as well as the total number who reported enrolled in graduate or professional study options.
